Map: Acid Plant LE

Players

HIGUMA - Winner!

  • Race: Terran Terran
  • League: Diamond
  • Spawn Location: 5:00

A.I. 1 (Very Easy)

  • Race: Protoss Protoss
  • Spawn Location: 11:00

VOD

Have the link to the VOD?

Description

Time

  • Played on: Oct. 18, 2018, 8:09 p.m.
  • Length: 4:56
Show
View Real Time Build Order
Export as new Build Order

HIGUMA Terran - Winner!

Build Orders: Cyclone Opening 

Get SALT Encoding   

  12  0:01  SCV  
  13  0:13  SCV  
  14  0:17  Supply Depot  
  14  0:25  SCV  
  15  0:30  Refinery  
  15  0:43  Barracks  
  15  0:47  SCV  
  16  0:59  SCV  
  16  1:00  Refinery  
  17  1:11  SCV  
  18  1:29  Orbital Command  
  18  1:31  Marine  
  19  1:42  Factory  
  19  1:52  Supply Depot  
  19  1:57  Barracks Reactor  
  19  2:14  Factory  
  19  2:15  SCV  
  20  2:39  Cyclone x2  
  26  2:47  SCV  
  27  3:03  Cyclone  
  30  3:18  Hellion x2  
  34  3:35  Cyclone  
  37  3:42  Hellion  
  39  4:05  Hellion  
  41  4:14  Cyclone  
  44  4:27  Hellion  
Show
View Real Time Build Order
Export as new Build Order

A.I. 1 (Very Easy) Protoss 

Build Orders:  

Get SALT Encoding   

  12  0:00  Probe  
  13  0:13  Probe  
  14  0:20  Pylon  
  14  0:37  Assimilator  
  14  0:43  Gateway  
  14  0:47  Pylon  
  14  1:14  Assimilator  
  14  1:22  Zealot  
  14  1:23  Probe  
  14  1:31  Probe  
  17  1:34  Cybernetics Core  
  18  1:41  Probe  
  19  1:53  Probe  
  20  2:01  Probe  
  21  2:09  Probe  
  21  2:11  Warp Gate  
  22  2:36  Stalker  
  24  3:52  Stalker  
  24  4:00  Pylon  
  24  4:08  Probe  
  21  4:20  Probe  
  20  4:28  Zealot  
  17  4:32  Probe  
Tags
 
Add a new tag
Caveats
  • Supply blocks, unpowered buildings, or Contaminate may cause inaccurate times.
  • Supply counts are checked every 10 seconds.